 Dungeon Crawl Stone Soup version 0.30-a0-223-gcb0039aa0c (webtiles) character file.

Game seed: 17327918564415022862

46 qw the Chopper (level 3, 0/23 HPs)
             Began as a Gargoyle Fighter on Oct 9, 2022.
             Slain by a gnoll
             ... wielding a +0 halberd
              (11 damage)
             ... on level 2 of the Dungeon.
             The game lasted 00:00:34 (926 turns).

qw the Chopper (Gargoyle Fighter)                    Turns: 926, Time: 00:00:34

Health: 0/23       AC: 11    Str: 21    XL:     3   Next: 68%
Magic:  3/3        EV:  9    Int:  8    God:
Gold:   61         SH:  4    Dex:  9    Spells: 2/2 levels left

rFire   . . .      SeeInvis .    Y - +0 war axe
rCold   . . .      Faith    .    c - +0 buckler
rNeg    + . .      Spirit   .    b - +0 scale mail
rPois   inf        Reflect  .    (no helmet)
rElec   +          Harm     .    n - +0 cloak
rCorr   .          Rampage  .    (no gloves)
Will    .....                    (no boots)
Stlth   ..........               (no amulet)
HPRegen 0.23/turn                (no ring)
MPRegen 0.08/turn                (no ring)

@: no status effects
A: sickness immunity, AC +3, negative energy resistance 1, electricity
resistance, torment resistance 1, petrification resistance
a: no special abilities


You were on level 2 of the Dungeon.
You visited 1 branch of the dungeon, and saw 2 of its levels.

You collected 61 gold pieces.


Innate Abilities, Weirdness & Mutations

You are immune to sickness and miasma.
Your stone body is resilient. (AC +3)
You are immune to poison.
You resist negative energy. (rN+)
You are resistant to electric shocks. (rElec)
You are resistant to unholy torment.
You are immune to petrification.


   Skills:
 - Level 3.2 Fighting
 + Level 3.5 Axes
 - Level 3.2 Armour
 - Level 3.2 Shields


You had 2 spell levels left.
You didn't know any spells.
Your spell library was empty.

Inventory:

Hand Weapons
 p - a +0 whip
 Y - a +0 war axe (weapon)
Missiles
 k - 5 boomerangs (quivered)
Armour
 b - a +0 scale mail (worn)
 c - a +0 buckler (worn)
 n - a +0 cloak (worn)
Jewellery
 e - a ring of wizardry
Scrolls
 a - a scroll of teleportation
 f - a scroll of poison {unknown}
 h - a scroll of identify
Potions
 d - a potion of might
 i - a potion of degeneration {unknown}
 l - 2 potions of curing {unknown}
 q - a potion of resistance {unknown}

Dungeon Overview and Level Annotations

Branches:
Dungeon (2/15)

Altars:


Message History

The gnoll shouts!
You hear a shout!
Things that are here:
a +0 dagger; a kobold corpse Throw: 5 boomerangs
Press: ? - help, Q - select action Shift-Dir - straight line, f - gnoll You throw a boomerang.
The boomerang hits the gnoll.
The gnoll is moderately wounded.
916 ||| Stepping ~*~*~tactically~*~*~ (stealth).
Things that are here:
a +0 dagger; a kobold corpse You barely miss the gnoll.
The gnoll is moderately wounded.
The gnoll barely misses you.
919 ||| Stepping ~*~*~tactically~*~*~ (stealth).
The gnoll attacks as you move away! The gnoll hits you but does no damage.
You barely miss the gnoll.
The gnoll is moderately wounded.
The gnoll hits you but does no damage. x2; The gnoll hits you with a +0 flail.
You hit the gnoll.
The gnoll is heavily wounded.
The gnoll misses you. The gnoll barely misses you.
You closely miss the gnoll.
The gnoll is heavily wounded.
The gnoll barely misses you. You block the gnoll's attack.
You hit the gnoll.
The gnoll is almost dead.
The gnoll hits you with a +0 flail. The gnoll barely misses you.
The gnoll hits you but does no damage. You block the gnoll's attack.
You barely miss the gnoll.
The gnoll is almost dead.
The gnoll barely misses you. The gnoll hits you with a +0 flail.
You closely miss the gnoll.
The gnoll is almost dead.
The gnoll hits you from afar with a +0 halberd.
The gnoll hits you but does no damage.
You closely miss the gnoll.
The gnoll is almost dead.
The gnoll hits you with a +0 flail. The gnoll hits you but does no damage.
The gnoll hits you from afar with a +0 halberd!
You die...

#.# #.# #. #.# #. #.#
#. #.# #
#.##.######### ..#
#............##...#
#....##.####....)..
#..).##...@g.......
##.).#######g......
###.#.########..#...#
..###..........# ..#
###.#........#..# #
#.#.##..#)#.#.
####.#.##..# g##.
#####<........... ..
. ..................


You could see 2 gnolls.

Vanquished Creatures
  3 dart slugs
  2 ball pythons (D:1)
  2 endoplasms (D:1)
  2 giant cockroaches (D:1)
  2 goblins (D:1)
  3 hobgoblins (D:1)
  7 jackals
  2 quokkas (D:1)
  2 bats (D:1)
  2 frilled lizards (D:1)
  8 kobolds
  A rat (D:1)
36 creatures vanquished.

Notes
Turn   | Place    | Note
-------+----------+-------------------------------------------
     0 | D:1      | qw the Gargoyle Fighter began the quest for the Orb.
     0 | D:1      | Reached XP level 1. HP: 14/14 MP: 1/1
     0 | D:1      | 0 ||| qw: Version: 0.2-a-17-g06abaee
     0 | D:1      | 0 ||| qw: Game counter: 2105
     0 | D:1      | 0 ||| qw: Always use a shield: true
     0 | D:1      | 0 ||| qw: God list: Okawaru
     0 | D:1      | 0 ||| qw: Allow faded altars: false
     0 | D:1      | 0 ||| qw: Do Orc after D:15 true
     0 | D:1      | 0 ||| qw: Do second Lair branch before Depths: true
     0 | D:1      | 0 ||| qw: Lair rune preference: random
     0 | D:1      | 0 ||| qw: Plans: Normal, Zot:1-4, God:TSO, Crypt, Tomb,
                  | Pan, Slime:5, Hells, Abyss, Orb
     0 | D:1      | 0 ||| PLANNING D:1-11
    57 | D:1      | 57 ||| Stepping ~*~*~tactically~*~*~ (stealth).
    63 | D:1      | 63 ||| Stepping ~*~*~tactically~*~*~ (stealth).
    97 | D:1      | Reached XP level 2. HP: 19/19 MP: 2/2
   133 | D:1      | 133 ||| Stepping ~*~*~tactically~*~*~ (hiding).
   323 | D:1      | 323 ||| DROPPING +0 club.
   346 | D:1      | 346 ||| Stepping ~*~*~tactically~*~*~ (stealth).
   352 | D:1      | 352 ||| Stepping ~*~*~tactically~*~*~ (hiding).
   355 | D:1      | Reached skill level 3 in Axes
   515 | D:1      | 515 ||| Stepping ~*~*~tactically~*~*~ (stealth).
   520 | D:1      | Reached XP level 3. HP: 23/23 MP: 3/3
   722 | D:1      | 722 ||| UPGRADING to +0 cloak.
   727 | D:1      | 727 ||| DROPPING +6 ring of intelligence.
   728 | D:1      | 728 ||| READING 2 scrolls labelled CILOTIL LOSISOD.
   731 | D:1      | 731 ||| READING scroll labelled BEUGECZILA.
   732 | D:1      | 732 ||| READING 2 scrolls labelled DIGEEPT KANEPN.
   733 | D:1      | 733 ||| READING scroll labelled MEAPRO UNEA.
   750 | D:1      | 750 ||| READING 3 scrolls labelled MEZOH YVAURO.
   751 | D:1      | 751 ||| READING scroll labelled REONIH ROWKO.
   752 | D:1      | 752 ||| READING scroll labelled IQIETR ULEB.
   753 | D:1      | 753 ||| DROPPING 2 scrolls of vulnerability.
   782 | D:2      | 782 ||| STAIRDANCE
   787 | D:2      | 787 ||| STAIRDANCE
   851 | D:2      | 851 ||| Stepping ~*~*~tactically~*~*~ (stealth).
   855 | D:2      | 855 ||| Stepping ~*~*~tactically~*~*~ (stealth).
   858 | D:2      | 858 ||| Stepping ~*~*~tactically~*~*~ (stealth).
   903 | D:2      | 903 ||| Stepping ~*~*~tactically~*~*~ (stealth).
   909 | D:2      | 909 ||| Stepping ~*~*~tactically~*~*~ (stealth).
   911 | D:2      | 911 ||| Stepping ~*~*~tactically~*~*~ (stealth).
   913 | D:2      | 913 ||| Stepping ~*~*~tactically~*~*~ (stealth).
   916 | D:2      | 916 ||| Stepping ~*~*~tactically~*~*~ (stealth).
   919 | D:2      | 919 ||| Stepping ~*~*~tactically~*~*~ (stealth).
   926 | D:2      | Slain by a gnoll

Levels and vault maps discovered:
D:1:      lightli_arrival_quake, layout_rooms
D:2:      layout_loops_ring, st_stairs_3, minmay_tromino_i2

Skill      XL: |  1  2 |
---------------+-------+-----
Axes           | 2 3 |  3.5
Fighting       | |  3.2
Armour         | |  3.2
Shields        | |  3.2

Action                   || total
-------------------------++-------
Melee: War axe           ||    88
Throw: Boomerang         ||    32
  Use: Scroll            ||     7
Armor: Scale mail        ||    56
Dodge: Dodged            ||    54
Block: Buckler           ||    12

Table legend:
 A = Non-vault XP
 B = Vault XP
 C = Vault XP percentage of total XP
 D = Non-vault monster count
 E = Vault monster count
 F = Vault count percentage of total count
                 A         B        C        D         E       F
            +---------+---------+-------+---------+---------+-------
      Total |      67 |       0 |   0.0 |      36 |       0 |   0.0
            +---------+---------+-------+---------+---------+-------
        D:1 |      53 |       0 |   0.0 |      29 |       0 |   0.0
        D:2 |      14 |       0 |   0.0 |       7 |       0 |   0.0
            +---------+---------+-------+---------+---------+-------
